 Dungeon Crawl Stone Soup version 0.20.0-15-g7f486f2 (webtiles) character file.

381 Haldmier the Chiller (level 6, 0/32 HPs)
             Began as a Deep Elf Ice Elementalist on June 19, 2017.
             Was an Initiate of Sif Muna.
             Slain by a goblin
             ... wielding a +0 dagger
             ... led by Robin
              (7 damage)
             ... on level 4 of the Dungeon.
             The game lasted 00:18:02 (4362 turns).

Haldmier the Chiller (Deep Elf Ice Elementalist)    Turns: 4362, Time: 00:18:03

Health: 0/32       AC:  2    Str:  9    XL:     6   Next: 46%
Magic:  9/14       EV: 14    Int: 22    God:    Sif Muna [......]
Gold:   204        SH:  0    Dex: 15    Spells: 0/14 levels left

rFire    . . .     SeeInvis .   v - +8 dagger of Morac {drain, Str+4}
rCold    . . .     Gourm    .   (no shield)
rNeg     . . .     Faith    .   a - +0 robe
rPois    .         Spirit   .   (no helmet)
rElec    .         Reflect  .   (no cloak)
rCorr    .         Harm     .   (no gloves)
MR       .....                  (no boots)
Stlth    +++.......             (no amulet)
Regen    0.1/turn               g - ring of flight
MPRegen  0.2/turn               (no ring)

@: very slightly contaminated
A: no striking features
a: Renounce Religion, Evoke Flight


You were on level 4 of the Dungeon.
You worshipped Sif Muna.
Sif Muna was noncommittal.
You were not hungry.

You visited 2 branches of the dungeon, and saw 5 of its levels.

You collected 204 gold pieces.

Inventory:

Hand Weapons
 p - a +1 vampiric hand axe
 t - a cursed -1 trident
 v - the +8 dagger of Morac (weapon) {drain, Str+4}
   (You found it on level 4 of the Dungeon)

   A truly terrible weapon, it drains the life of those it strikes.
   It affects your strength (+4).
Missiles
 m - 7 tomahawks (quivered)
Armour
 a - a +0 robe (worn)
Jewellery
 f - an uncursed ring of fire
 g - a ring of flight (left hand)
Scrolls
 d - a scroll of identify
 h - a scroll of noise {unknown}
 k - a scroll of teleportation {unknown}
 l - 2 scrolls of fear {unknown}
 o - 3 scrolls of remove curse {unknown}
 q - a scroll of magic mapping {unknown}
 r - a scroll of blinking
 s - a scroll of fog {unknown}
 u - a scroll of enchant weapon {unknown}
Potions
 e - 2 potions of heal wounds {unknown}
 j - 2 potions of curing
Books
 b - a book of Frost

   Spells                             Type                      Level
   a - Freeze                         Ice                          1
   b - Throw Frost                    Conjuration/Ice              2
   c - Ozocubu's Armour               Charms/Ice                   3
   d - Throw Icicle                   Conjuration/Ice              4
   e - Summon Ice Beast               Ice/Summoning                4
Comestibles
 c - a bread ration
 i - 2 royal jellies
 n - 2 meat rations
 w - 3 chunks of flesh


   Skills:
 + Level 3.7 Dodging
 - Level 4.0 Stealth
 + Level 4.6 Spellcasting
 + Level 2.8 Conjurations
 + Level 2.7 Charms
 + Level 0.0 Summonings
 * Level 5.3 Ice Magic


You couldn't memorise any spells.
You knew the following spells:

 Your Spells              Type           Power        Failure   Level  Hunger
a - Freeze                Ice            ####         1%          1    None
b - Throw Frost           Conj/Ice       ###...       3%          2    None
c - Ozocubu's Armour      Chrm/Ice       ###.....     6%          3    ##.....
d - Throw Icicle          Conj/Ice       ###.....     19%         4    ####...
e - Summon Ice Beast      Ice/Summ       ###.....     34%         4    ####...


Dungeon Overview and Level Annotations

Branches:
Dungeon (4/15)             Temple (1/1) D:4

Altars:
Ashenzari
Dithmenos
Elyvilon
Fedhas
Gozag
Hepliaklqana
Kikubaaqudgha
Nemelex Xobeh
Okawaru
Qazlal
Sif Muna
Trog
Vehumet
Xom
Yredelemnul
Zin
The Shining One

Annotations:
D:2 Sigmund
D:4 exclusion: skeleton, Vojta's ghost, amateur OpEn


Message History

Aim: Robin, wielding a club, wearing an animal skin and wearing a helmet (severely wounded)
You freeze Robin.
You kill Robin!
Sif Muna accepts your kill. The goblin barely misses you.
The goblin hits you with a dagger.
* * * LOW HITPOINT WARNING * * *
The goblin hits you.
* * * LOW HITPOINT WARNING * * *
Casting: Freeze
Confirm with . or Enter, or press ? or * to list all spells.
Aiming: Freeze
Press: ? - help, Shift-Dir - straight line, f - goblin
Aim: a goblin (unusually strong)
You freeze the goblin.
The goblin is moderately wounded.
The goblin barely misses you.
The goblin hits you with an uncursed club.
* * * LOW HITPOINT WARNING * * *
The goblin hits you with a dagger!
You die...

#.##.###.#
###.#...##.#
.........#.########
###...............#
#......#.######.#
#.#...##.# #.#
#.##.###.# #.#
#........# ###g#
####+##### #g@g#
#.. #g### #... #g
#Z... #. #..... gW
+.>... .. ##.....
##. #.


You could see a phantom and 6 goblins.

Vanquished Creatures
  A centaur (D:4)
  A bullfrog (D:3)
  4 orc wizards
  Robin (D:4)
  3 adders (D:2)
  2 worms
  A dart slug (D:1)
  A leopard gecko (D:1)
  9 orcs
  2 giant cockroaches
  14 goblins
  5 hobgoblins
  3 jackals (D:4)
  4 quokkas
  8 bats
  7 frilled lizards
  6 kobolds
  5 rats
77 creatures vanquished.

Notes
Turn   | Place    | Note
-------+----------+-------------------------------------------
     0 | D:1      | Haldmier the Deep Elf Ice Elementalist began the quest for the Orb.
     0 | D:1      | Reached XP level 1. HP: 10/10 MP: 6/6
   276 | D:1      | Reached XP level 2. HP: 15/15 MP: 4/8
   305 | D:1      | Learned a level 2 spell: Throw Frost
   983 | D:2      | Reached XP level 3. HP: 19/19 MP: 7/9
  1011 | D:2      | Reached skill level 4 in Ice Magic
  1277 | D:2      | Learned a level 3 spell: Ozocubu's Armour
  1429 | D:2      | Noticed Sigmund
  1592 | D:3      | Reached XP level 4. HP: 24/24 MP: 9/11
  1608 | D:3      | Noticed a bullfrog
  1615 | D:3      | Killed a bullfrog
  1615 | D:3      | Reached skill level 1 in Charms
  1828 | D:3      | Learned a level 4 spell: Throw Icicle
  1963 | D:3      | Reached XP level 5. HP: 28/28 MP: 10/13
  2615 | D:3      | Reached skill level 5 in Ice Magic
  3235 | D:4      | Noticed a centaur
  3245 | D:4      | Killed a centaur
  3245 | D:4      | Reached XP level 6. HP: 18/32 MP: 7/14
  3413 | D:4      | Got a crystal dagger
  3485 | D:4      | Found a staircase to the Ecumenical Temple.
  3492 | Temple   | Entered the Ecumenical Temple
  3588 | Temple   | Became a worshipper of Sif Muna the Loreminder
  3722 | Temple   | Identified the +8 dagger of Morac {drain, Str+4} (You found it on level 4 of the Dungeon)
  3799 | D:4      | Noticed Vojta's ghost (amateur OpEn)
  4276 | Temple   | Learned a level 4 spell: Summon Ice Beast
  4354 | D:4      | Noticed Robin
  4361 | D:4      | Killed Robin
  4362 | D:4      | Slain by a goblin

Skill      XL: |  1  2  3  4  5  6 |
---------------+-------------------+-----
Ice Magic      | 4 5 |  5.3
Stealth        | 3 4 |  4.0
Dodging        | 3 |  3.7
Spellcasting   | 4 |  4.6
Conjurations   | 2 |  2.8
Charms         | 1 2 |  2.7

Action                   |  1- 3 |  4- 6 || total
-------------------------+-------+-------++-------
Melee: Dagger            |     7 |    12 ||    19
Throw: Tomahawk          |     5 |       ||     5
 Cast: Freeze            |    45 |    65 ||   110
       Throw Frost       |     5 |     2 ||     7
       Ozocubu's Armour  |       |     5 ||     5
  Use: Scroll            |       |     3 ||     3
 Stab: Sleeping          |     4 |     1 ||     5
  Eat: Chunk             |     2 |     9 ||    11
Armor: Robe              |     5 |     6 ||    11
Dodge: Dodged            |    28 |    36 ||    64
